[Event "Chigorin Memorial 2019"]
[Site "Saint Petersburg"]
[Date "2019.10.08"]
[Round "4.7"]
[White "Vorobiov, Evgeny E."]
[Black "Pourramezanali, Amirreza"]
[Result "1/2-1/2"]
[ECO "E08"]
[WhiteElo "2555"]
[BlackElo "2478"]
[Annotator "RC"]
[PlyCount "91"]
[EventDate "2019.10.05"]
[EventType "swiss"]
[EventCountry "RUS"]
[SourceTitle "playchess.com"]
[Source "ChessBase"]
[SourceQuality "1"]
[TimeControl "5400+30"]

1. d4 d5 2. c4 e6 3. Nf3 Nf6 4. g3 Bb4+ 5. Bd2 Be7 6. Bg2 O-O 7. O-O c6 8. Qc2 b6 9. Rd1 Nbd7 10. Bf4 Bb7 11. Ne5 Nh5 12. Bd2 Nhf6 13. cxd5 cxd5 14. Nc6 Bxc6 15. Qxc6 Rc8 16. Qb5 Ne8 17. Qd3 Nd6 18. b3 Nf6 19. Nc3 Qd7 20. Rac1 Rc6 21. a4 Rfc8 22. Na2 Rxc1 23. Rxc1 Rxc1+ 24. Bxc1 Qc6 25. Qc3 Qxc3 26. Nxc3 Nfe4 27. Na2 a5 28. f3 Nf6 29. Kf2 Nf5 30. Bb2 Nd6 31. Nc3 h5 32. h3 Nf5 33. Nb5 Nd6 34. Na7 Bd8 35. g4 hxg4 36. hxg4 Bc7 37. Ba3 g6 38. e3 Kg7 39. Ke2 Nd7 40. Nc6 f5 41. gxf5 gxf5 42. Kd3 Kf6 43. Ne5 Nb8 44. Kc3 Nf7 45. f4 Bd6 46. Nxf7 {[%emt 0:10:31] Ke5} 1/2-1/2